 Dungeon Crawl Stone Soup version 0.19.0-19-g8c6edcc (webtiles) character file.

62 Aksej the Skirmisher (level 3, -2/26 HPs)
             Began as a Demonspawn Fighter on Nov 14, 2016.
             Slain by a hippogriff (5 damage)
             ... on level 4 of the Dungeon.
             The game lasted 00:04:48 (1243 turns).

Aksej the Skirmisher (Demonspawn Fighter)           Turns: 1243, Time: 00:04:49

Health: -2/26      AC:  5    Str: 16      XL:     3   Next: 85%
Magic:  3/3        EV: 11    Int:  7 (9)  God:
Gold:   65         SH:  0    Dex: 12 (13) Spells: 0 memorised, 2 levels left

rFire  . . .     SeeInvis .     a - +0 long sword
rCold  . . .     Gourm    .     m - +1 leather armour
rNeg   . . .     Faith    .     (no shield)
rPois  .         Spirit   .     (no helmet)
rElec  .         Reflect  .     (no cloak)
rCorr  .         Harm     .     (no gloves)
MR     +....                    (no boots)
Stlth  +.........               (no amulet)
                                (no ring)
                                (no ring)

@: no status effects
A: hooves 1, rugged brown scales 1, frail 1, high mp 1, magic resistance 1,
mutation resistance 1, powered by death 1
a: no special abilities


You were on level 4 of the Dungeon.
You were hungry.

You visited 1 branch of the dungeon, and saw 3 of its levels.

You collected 65 gold pieces.

Inventory:

Hand Weapons
 a - a +0 long sword (weapon)
Armour
 m - a +1 leather armour (worn)
Jewellery
 c - an uncursed amulet of the gourmand {unknown}
 g - a cursed -2 ring of strength {unknown}
Scrolls
 k - a scroll of recharging
 n - 3 scrolls of identify
Potions
 d - a potion of might
 e - a potion of curing
 i - 2 potions of magic {unknown}
 l - a potion of brilliance {unknown}
 o - a potion of heal wounds {unknown}
Comestibles
 b - a meat ration
 f - 2 bread rations
 h - a royal jelly
 j - 8 chunks of flesh


   Skills:
 + Level 3.3 Fighting
 * Level 3.0 Long Blades
 + Level 3.1 Armour
 + Level 0.1 Dodging
 + Level 0.2 Stealth
   Level 2.6 Shields


You had 2 spell levels left.
You didn't know any spells.

Dungeon Overview and Level Annotations

Branches:
Dungeon (2/15)

Altars:
Uskayaw
Yredelemnul


Innate Abilities, Weirdness & Mutations

You are partially covered in rugged brown scales. (AC +1, +3% HP)
You regenerate a little health from kills.
You have large cloven feet.
You are frail. (-10% HP)
You have an increased reservoir of magic. (+10% MP)
You are resistant to hostile enchantments. (MR+)
You are somewhat resistant to further mutation.


Message History

The hippogriff is lightly wounded.
You are feeling hungry.
The hippogriff completely misses you. The hippogriff pecks you.
The hippogriff claws you.
You hit the hippogriff.
The hippogriff is moderately wounded.
The hippogriff bites you!
* * * LOW HITPOINT WARNING * * *
The hippogriff pecks you but does no damage.
The hippogriff claws you.
* * * LOW HITPOINT WARNING * * *
Okay, then.
Firing (i - inventory): No suitable missiles.
Press: ? - help, Shift-Dir - straight line, f - you
Okay, then.
As you read the scroll labeled HUINAU OCRAU, it crumbles to dust.
It is a scroll of identify.
k - a scroll of recharging The hippogriff bites you.
You die...

#######
#.....#
#....H#
+....@+
#.....#
#....%#
#.....#
#.....#
#.....#
#######


You could see a hippogriff.

Vanquished Creatures
  An adder (D:2)
  An ooze (D:1)
  3 dart slugs
  A leopard gecko (D:2)
  2 giant cockroaches (D:2)
  3 goblins
  6 hobgoblins
  2 ball pythons
  4 bats
  3 frilled lizards
  11 kobolds
  5 rats (D:1)
42 creatures vanquished.

Notes
Turn   | Place    | Note
-------+----------+-------------------------------------------
     0 | D:1      | Aksej the Demonspawn Fighter began the quest for the Orb.
     0 | D:1      | Reached XP level 1. HP: 18/18 MP: 1/1
   424 | D:1      | Gained mutation: You regenerate a little health from kills. [demonic ancestry]
   424 | D:1      | Reached XP level 2. HP: 15/24 MP: 2/2
   689 | D:1      | Gained mutation: You are partially covered in rugged brown scales. (AC +1, +3% HP) [demonic ancestry]
   689 | D:1      | Reached XP level 3. HP: 21/29 MP: 3/3
   810 | D:1      | Gained mutation: You are frail. (-10% HP) [potion of mutation]
   810 | D:1      | Gained mutation: You have large cloven feet. [potion of mutation]
   810 | D:1      | Gained mutation: You are somewhat resistant to further mutation. [potion of mutation]
   811 | D:1      | Gained mutation: You have an increased reservoir of magic. (+10% MP) [potion of mutation]
   811 | D:1      | Gained mutation: You are resistant to hostile enchantments. (MR+) [potion of mutation]
   854 | D:2      | Found a basalt altar of Yredelemnul.
  1035 | D:2      | Found a hide-covered altar of Uskayaw.
  1240 | D:2      | You fall through a shaft for 2 floors!
  1240 | D:4      | Noticed a hippogriff
  1243 | D:4      | Slain by a hippogriff

Skill      XL: |  1  2  3 |
---------------+----------+-----
Long Blades    | 2 3 |  3.0
Armour         | 3 |  3.1
Fighting       | |  3.3
Dodging        | |  0.1
Stealth        | |  0.2
Shields        | |  2.6

Action                   || total
-------------------------++-------
Melee: Long sword        ||   106
       Kick              ||    10
  Use: Potion            ||     5
       Scroll            ||     4
  Eat: Chunk             ||     1
Armor: Scale mail        ||    21
       Leather armour    ||    26
Dodge: Dodged            ||    74
       Rpst.: Long sword ||    24
